 Dungeon Crawl Stone Soup version 0.29.0-4-gdea44cf6ec (webtiles) character file.

Game seed: 11998533004042748974

710 qw the Cleaver (level 7, -4/41 HPs)
             Began as a Tengu Warper on Aug 28, 2022.
             Slain by an ogre
             ... wielding a +0 giant spiked club
              (20 damage)
             ... on level 5 of the Dungeon.
             The game lasted 00:00:24 (4591 turns).

qw the Cleaver (Tengu Warper)                       Turns: 4591, Time: 00:00:25

Health: -4/41      AC: 13    Str: 13    XL:     7   Next: 68%
Magic:  11/11      EV:  5    Int: 12    God:
Gold:   304        SH:  0    Dex: 13    Spells: 10/10 levels left

rFire   . . .      SeeInvis +   Y - +0 broad axe
rCold   . . .      Faith    .   (no shield)
rNeg    + . .      Spirit   .   a - +0 plate armour
rPois   .          Reflect  .   (helmet restricted)
rElec   .          Harm     .   q - +0 cloak
rCorr   .          Rampage  .   o - +0 pair of gloves
Will    .....                   (boots unavailable)
Stlth   ..........              k - amulet of the acrobat
HPRegen 0.93/turn               f - ring of see invisible
MPRegen 0.12/turn               i - ring of positive energy

@: flying quickly and evasively, quick
A: beak, talons 3, nimble flight, dopey 1, regeneration 1, MP-powered wands
a: no special abilities


You were on level 5 of the Dungeon.
You visited 1 branch of the dungeon, and saw 5 of its levels.

You collected 304 gold pieces.


Innate Abilities, Weirdness & Mutations

You have a beak for a mouth.
You have claws for feet.
Your magical nature lets you fly swiftly and evasively.
You are dopey. (Int -2)
Your natural rate of healing is unusually fast.
You expend magic power (3 MP) to strengthen your wands.


   Skills:
 - Level 3.2 Fighting
 - Level 8.1 Axes
 - Level 1.0 Throwing
 + Level 3.4 Armour
 - Level 2.1 Dodging
 - Level 2.0 Spellcasting
 - Level 2.4 Translocations


You had 10 spell levels left.
You didn't know any spells.
Your spell library contained the following spells:

 Spells                   Type           Power      Damage    Failure   Level
 Blink                    Tloc           12%        N/A       100%        2
 Gell's Gravitas          Tloc           6%         N/A       100%        3
 Lesser Beckoning         Tloc           6%         N/A       100%        3
 Teleport Other           Tloc           6%         N/A       100%        3
 Manifold Assault         Tloc           6%         N/A       100%        5

Inventory:

Hand Weapons
 d - a +2 whip of freezing
 Y - a +0 broad axe (weapon)
Missiles
 l - a boomerang (quivered)
Armour
 a - a +0 plate armour (worn)
 o - a +0 pair of gloves (worn)
 q - a +0 cloak (worn)
Jewellery
 b - a ring of see invisible
 f - a ring of see invisible (left hand)
 i - a ring of positive energy (right hand)
 k - an amulet of the acrobat (around neck)
Scrolls
 h - a scroll of fog {unknown}
Potions
 c - a potion of degeneration {unknown}
 e - a potion of curing
 g - a potion of haste {unknown}
 j - a potion of flight {unknown}
 n - a potion of might {unknown}
 p - 2 potions of brilliance {unknown}

Dungeon Overview and Level Annotations

Branches:
Dungeon (5/15)
 Temple: D:4-7

Altars:
Kikubaaqudgha
Nemelex Xobeh
Xom

Annotations:
D:3 1 runed translucent door, qw's ghost, amateur TeWr


Message History

The scorpion stings you but does no damage.
You hit the scorpion. You peck the scorpion.
The scorpion is moderately wounded.
The scorpion stings you but does no damage.
You closely miss the scorpion. You peck the scorpion.
The scorpion is heavily wounded.
The scorpion stings you.
The scorpion stings you but does no damage.
You slash the scorpion! You claw the scorpion.
You kill the scorpion!
Your Axes skill increases to level 8!
You start resting.
HP restored.
h - a scroll labelled HYTZOJ QEONUST An ogre is nearby!
Throw: boomerang
Press: ? - help, Q - select action Shift-Dir - straight line, f - ogre You throw a boomerang.
The boomerang hits the ogre.
The ogre is lightly wounded.
Throw: boomerang
Press: ? - help, Q - select action Shift-Dir - straight line, f/p - ogre You throw a boomerang.
The boomerang hits the ogre but does no damage.
The ogre is lightly wounded.
Throw: boomerang
Press: ? - help, Q - select action Shift-Dir - straight line, f/p - ogre You throw a boomerang.
The boomerang completely misses the ogre.
Throw: boomerang
Press: ? - help, Q - select action Shift-Dir - straight line, f/p - ogre You throw a boomerang.
The boomerang hits the ogre.
The ogre is lightly wounded.
You barely miss the ogre. You claw the ogre, but do no damage.
The ogre is lightly wounded.
The ogre hits you with a +0 giant spiked club!!
Ouch! That really hurt!
You hit the ogre. You peck the ogre, but do no damage.
The ogre is moderately wounded.
The ogre hits you with a +0 giant spiked club!!
You die...

#<...####....######
#.##.>#. #.####
#.........### #.##..#.
#.# #...........#
##.##..#. #.#
#.##........# #........
#.#
#.##........###..##..##
#.#
##.#.####.............#
#..
...........#####..##..#
#.# ..<..###%..#
#..##..# ?.....O@...#
.......# ...........#
##..###.# #.###...#...#
#..# .#
.................#
.......#...#.####.#
.###.###....... #.
#.#.#.### #. #.#.#.#
#.#.# #


You could see an ogre.

Vanquished Creatures
  An ogre (D:4)
  A phantom (D:5)
  3 scorpions
  A necrophage (D:5)
  2 hounds (D:5)
  A jelly (D:5)
  Ijyb (D:4)
  An iguana (D:4)
  An orc wizard (D:4)
  7 adders
  2 worms
  6 dart slugs
  2 orcs
  7 ball pythons
  6 endoplasms
  3 giant cockroaches
  3 goblins
  6 hobgoblins
  4 jackals (D:2)
  6 kobolds
  5 quokkas
  2 bats (D:3)
  2 frilled lizards (D:1)
  3 rats
76 creatures vanquished.

Notes
Turn   | Place    | Note
-------+----------+-------------------------------------------
     0 | D:1      | qw the Tengu Warper began the quest for the Orb.
     0 | D:1      | Reached XP level 1. HP: 12/12 MP: 4/4
     0 | D:1      | 0 ||| qw: Version: 0.1-a-89-g26bdef1
     0 | D:1      | 0 ||| qw: Game counter: 2321
     0 | D:1      | 0 ||| qw: Always use a shield: true
     0 | D:1      | 0 ||| qw: God list: Okawaru
     0 | D:1      | 0 ||| qw: Allow faded altars: false
     0 | D:1      | 0 ||| qw: Do Orc after D:15 true
     0 | D:1      | 0 ||| qw: Do second Lair branch before Depths: true
     0 | D:1      | 0 ||| qw: Lair rune preference: random
     0 | D:1      | 0 ||| qw: Plans: Normal
     0 | D:1      | 0 ||| PLANNING D:1-11
    14 | D:1      | 14 ||| Stepping ~*~*~tactically~*~*~ (hiding).
    31 | D:1      | Reached skill level 3 in Axes
    31 | D:1      | Reached XP level 2. HP: 10/17 MP: 6/6
   202 | D:1      | 202 ||| Stepping ~*~*~tactically~*~*~ (hiding).
   204 | D:1      | 204 ||| Stepping ~*~*~tactically~*~*~ (hiding).
   608 | D:1      | Reached XP level 3. HP: 21/21 MP: 7/7
   610 | D:1      | 610 ||| Stepping ~*~*~tactically~*~*~ (stealth).
   896 | D:1      | 896 ||| READING scroll labelled FAQAFU AVYTUS.
   897 | D:1      | 897 ||| READING scroll labelled HEBEEJIHAR.
   898 | D:1      | 898 ||| DROPPING scroll of blinking.
   933 | D:2      | Reached skill level 4 in Axes
  1078 | D:2      | 1078 ||| SWAPPING to +0 broad axe.
  1083 | D:2      | 1083 ||| DROPPING +1 hand axe.
  1095 | D:2      | 1095 ||| Stepping ~*~*~tactically~*~*~ (stealth).
  1113 | D:2      | Reached XP level 4. HP: 23/26 MP: 8/8
  1274 | D:2      | 1274 ||| DROPPING +1 whip of flaming.
  1367 | D:2      | Found a sparkling altar of Nemelex Xobeh.
  1491 | D:2      | 1491 ||| Stepping ~*~*~tactically~*~*~ (stealth).
  1532 | D:2      | 1532 ||| Stepping ~*~*~tactically~*~*~ (stealth).
  1542 | D:2      | Reached skill level 5 in Axes
  1694 | D:2      | Found a faded altar of an unknown god.
  1718 | D:2      | You fall into a shaft and drop 1 floor!
  1778 | D:3      | 1778 ||| UPGRADING to +0 scale mail.
  1788 | D:3      | 1788 ||| DROPPING +0 leather armour.
  1789 | D:3      | 1789 ||| UPGRADING to ring of see invisible.
  1790 | D:3      | 1790 ||| UPGRADING to ring of positive energy.
  1791 | D:3      | 1791 ||| READING scroll labelled MISITHR ZEAFAU.
  1792 | D:3      | 1792 ||| READING scroll labelled ZERPHO QEXU.
  1793 | D:3      | 1793 ||| DRINKING 2 lumpy yellow potions.
  2334 | D:3      | Found a runed translucent door.
  2336 | D:3      | Noticed qw's ghost (amateur TeWr)
  2338 | D:3      | 2338 ||| UPGRADING to +0 plate armour.
  2409 | D:3      | 2409 ||| DROPPING +0 scale mail.
  2842 | D:3      | 2842 ||| READING scroll labelled YGIUPE JIPPUR.
  2843 | D:3      | 2843 ||| READING scroll labelled WYPRAN VEGIAPP.
  2844 | D:3      | 2844 ||| READING scroll labelled ETEOLA RUYM.
  2997 | D:4      | Gained mutation: Your magical nature lets you fly swiftly
                  | and evasively. [Tengu growth]
  2997 | D:4      | Reached XP level 5. HP: 25/30 MP: 9/9
  3048 | D:4      | Noticed Ijyb
  3049 | D:4      | 3049 ||| Stepping ~*~*~tactically~*~*~ (hiding).
  3065 | D:4      | Killed Ijyb
  3374 | D:4      | 3374 ||| Stepping ~*~*~tactically~*~*~ (stealth).
  3483 | D:4      | Found an ancient bone altar of Kikubaaqudgha.
  3486 | D:4      | Found a shimmering altar of Xom.
  3689 | D:4      | Reached skill level 6 in Axes
  3689 | D:4      | Reached XP level 6. HP: 13/35 MP: 10/10
  4089 | D:4      | 4089 ||| UPGRADING to +0 pair of gloves.
  4094 | D:4      | 4094 ||| UPGRADING to +0 cloak.
  4099 | D:4      | 4099 ||| UPGRADING to amulet of the acrobat.
  4104 | D:4      | 4104 ||| READING scroll labelled HOSHAO ICOH.
  4105 | D:4      | 4105 ||| DRINKING 2 glowing yellow potions.
  4105 | D:4      | Gained mutation: Armour fits poorly on your strangely
                  | shaped body. [potion of mutation]
  4105 | D:4      | Gained mutation: You are covered in fur. (AC +1) [potion of
                  | mutation]
  4105 | D:4      | Gained mutation: You are partially covered in large bone
                  | plates. (SH +4) [potion of mutation]
  4106 | D:4      | 4106 ||| DRINKING potion of mutation.
  4106 | D:4      | Lost mutation: You are covered in fur. (AC +1) [potion of
                  | mutation]
  4106 | D:4      | Lost mutation: Armour fits poorly on your strangely shaped
                  | body. [potion of mutation]
  4106 | D:4      | Lost mutation: You are partially covered in large bone
                  | plates. (SH +4) [potion of mutation]
  4106 | D:4      | Gained mutation: You are dopey. (Int -2) [potion of
                  | mutation]
  4106 | D:4      | Gained mutation: Your natural rate of healing is unusually
                  | fast. [potion of mutation]
  4106 | D:4      | Gained mutation: You expend magic power (3 MP) to
                  | strengthen your wands. [potion of mutation]
  4125 | D:5      | Entered Level 5 of the Dungeon
  4145 | D:5      | HP: 5/35 [ogre/+0 giant club (20)]
  4146 | D:5      | 4146 ||| Stepping ~*~*~tactically~*~*~ (stealth).
  4147 | D:5      | 4147 ||| FLEEEEING.
  4148 | D:5      | 4148 ||| FLEEEEING.
  4149 | D:5      | 4149 ||| FLEEEEING.
  4150 | D:5      | 4150 ||| FLEEEEING.
  4151 | D:5      | 4151 ||| FLEEEEING.
  4152 | D:5      | 4152 ||| FLEEEEING.
  4153 | D:5      | 4153 ||| FLEEEEING.
  4154 | D:5      | 4154 ||| FLEEEEING.
  4155 | D:5      | 4155 ||| FLEEEEING.
  4156 | D:5      | 4156 ||| FLEEEEING.
  4157 | D:5      | 4157 ||| STAIRDANCE
  4181 | D:5      | 4181 ||| STAIRDANCE
  4184 | D:4      | Reached skill level 3 in Armour
  4187 | D:4      | HP: 7/35 [iguana (5)]
  4188 | D:4      | 4188 ||| READING scroll of teleportation.
  4188 | D:4      | HP: 2/35 [iguana (6)]
  4264 | D:5      | Reached skill level 7 in Axes
  4294 | D:5      | Reached XP level 7. HP: 40/40 MP: 11/11
  4355 | D:5      | Reached skill level 3 in Fighting
  4577 | D:5      | Reached skill level 8 in Axes
  4591 | D:5      | Slain by an ogre

Levels and vault maps discovered:
D:1:      lightli_arrival_flooded_house, layout_basic
D:2:      layout_basic, basic_altar, shapermc_ecumenical_altar_totnotflames
D:3:      layout_basic, ebering_ghost_sewer_d, kennysheep_generic_room_10
D:4:      layout_loops_ring, mainiacjoe_overflow_catwalk_spiral,
          minmay_small_thing, uniq_ijyb
D:5:      layout_basic

Skill      XL: |  1  2  3  4  5  6  7 |
---------------+----------------------+-----
Axes           | 3 4 5 6 7 8 |  8.1
Armour         | 2 3 |  3.4
Fighting       | 3 |  3.2
Throwing       | |  1.0
Dodging        | |  2.1
Spellcasting   | |  2.0
Translocations | |  2.4

Action                   |  1- 3 |  4- 6 |  7- 9 || total
-------------------------+-------+-------+-------++-------
Melee: Hand axe          |    55 |       |       ||    55
       Kick              |    16 |    33 |     8 ||    57
       Peck              |     8 |    19 |     7 ||    34
       Broad axe         |    14 |   133 |    27 ||   174
Throw: Boomerang         |     7 |    30 |    21 ||    58
  Use: Scroll            |     2 |     7 |       ||     9
       Potion            |       |     3 |       ||     3
Armor: Leather armour    |    18 |    10 |       ||    28
       Scale mail        |       |    12 |       ||    12
       Plate armour      |       |    60 |    19 ||    79
Dodge: Dodged            |    31 |    57 |     7 ||    95

Table legend:
 A = Non-vault XP
 B = Vault XP
 C = Vault XP percentage of total XP
 D = Non-vault monster count
 E = Vault monster count
 F = Vault count percentage of total count
                 A         B        C        D         E       F
            +---------+---------+-------+---------+---------+-------
      Total |     938 |      77 |   7.6 |      72 |       4 |   5.3
            +---------+---------+-------+---------+---------+-------
        D:1 |      43 |       0 |   0.0 |      22 |       0 |   0.0
        D:2 |      82 |       0 |   0.0 |      17 |       0 |   0.0
        D:3 |      31 |       6 |  16.2 |      11 |       2 |  15.4
        D:4 |     272 |      71 |  20.7 |      12 |       2 |  14.3
        D:5 |     510 |       0 |   0.0 |      10 |       0 |   0.0
            +---------+---------+-------+---------+---------+-------
